Map: Neon Violet Square LE

Players

Rogue - Winner!

  • Race: Zerg Zerg
  • Spawn Location: 5:00

Impact

  • Race: Zerg Zerg
  • Spawn Location: 11:00

Event: IEM Season 12 - Katowice

VOD

Have the link to the VOD?

Description

Time

  • Played on: March 2, 2018, 11:21 a.m.
  • Length: 8:53

All games in this series

Show
View Real Time Build Order
Export as new Build Order

Rogue Zerg - Winner!

Build Orders: Hatch First, Zergling Baneling 

Get SALT Encoding   

  12  0:01  Drone  
  13  0:12  Overlord  
  13  0:17  Drone  
  14  0:31  Drone x2  
  14  0:34  Drone  
  17  0:52  Hatchery  
  17  0:55  Drone  
  17  0:58  Drone  
  18  1:09  Extractor  
  17  1:13  Spawning Pool  
  17  1:16  Drone  
  17  1:20  Drone  
  18  1:29  Drone  
  19  1:39  Overlord  
  19  1:50  Drone  
  20  2:00  Queen  
  20  2:01  Zergling x2  
  23  2:03  Queen  
  23  2:04  Zergling x2  
  26  2:08  Metabolic Boost  
  26  2:15  Drone x2  
  28  2:23  Drone  
  28  2:26  Drone  
  30  2:33  Drone  
  30  2:35  Baneling Nest  
  30  2:38  Drone  
  31  2:46  Drone  
  31  2:48  Drone  
  33  2:56  Overlord  
  33  3:01  Hatchery  
  33  3:05  Drone x2  
  34  3:08  Drone  
  35  3:15  Drone  
  35  3:17  Zergling x2  
  35  3:19  Drone x3  
  40  3:22  Drone x2  
  42  3:28  Overlord  
  42  3:30  Drone  
  43  3:39  Baneling x2  
  43  3:45  Queen x2  
  43  3:47  Evolution Chamber  
  46  3:48  Zergling x2  
  46  3:49  Zergling x2  
  46  3:50  Zergling x2  
  46  3:55  Drone x3  
  52  3:59  Baneling  
  52  4:00  Baneling  
  52  4:01  Overlord  
  52  4:14  Baneling x3  
  52  4:16  Zergling x12  
  58  4:18  Extractor  
  58  4:20  Zergling x4  
  58  4:21  Baneling  
  58  4:24  Baneling x2  
  58  4:26  Zergling x4  
  58  4:30  Queen  
  62  4:37  Zergling x4  
  62  4:38  Zergling x6  
  64  4:44  Zergling x2  
  64  4:48  Baneling x2  
  64  4:52  Zergling x2  
  64  4:57  Zergling x4  
  65  5:01  Baneling  
  65  5:02  Baneling x2, Zergling x2  
  65  5:04  Overlord  
  66  5:14  Zergling x2  
  66  5:15  Overlord  
  66  5:22  Overlord  
  66  5:24  Drone  
  66  5:25  Drone x4  
  66  5:27  Drone, Zerg Missile Weapons Level 1  
  71  5:30  Drone  
  71  5:31  Drone, Roach Warren  
  71  5:34  Drone x3  
  71  5:38  Drone  
  68  5:47  Drone x5  
  72  5:51  Drone x2  
  72  5:56  Zergling x2  
  72  5:57  Zergling x4  
  71  5:58  Zergling x2  
  71  6:01  Zergling x2  
  71  6:03  Lair, Extractor  
  72  6:06  Zergling x2  
  72  6:09  Zergling x2  
  74  6:16  Roach x3  
  74  6:17  Roach, Baneling x2  
  82  6:20  Roach  
  84  6:26  Overlord  
  84  6:30  Drone x6  
  90  6:33  Extractor  
  90  6:35  Overlord  
  89  6:42  Overlord  
  89  6:49  Drone x7  
  89  6:51  Extractor  
  88  6:59  Roach x3  
  88  7:00  Roach x3  
  100  7:07  Roach x3  
  100  7:08  Roach, Overlord  
  106  7:12  Drone x2  
  106  7:15  Extractor  
  106  7:16  Drone x2, Spire  
  107  7:26  Zergling x4  
  107  7:27  Zergling x2  
  107  7:28  Hatchery  
  107  7:29  Glial Reconstitution  
  108  7:34  Zergling x4  
  108  7:35  Zergling x10  
  115  7:40  Drone x2  
  115  7:42  Zergling x2  
  114  7:46  Drone x3  
  114  7:47  Overseer  
  114  7:50  Overlord  
  117  7:56  Roach x2  
  121  8:01  Overlord  
  121  8:04  Overlord  
  121  8:16  Overlord x2  
  121  8:17  Overlord  
  121  8:23  Unknown  
  118  8:35  Extractor  
  118  8:38  Extractor  
Show
View Real Time Build Order
Export as new Build Order

Impact Zerg 

Build Orders: 3 Hatch before Pool, Zergling Baneling 

Get SALT Encoding   

  12  0:00  Drone  
  13  0:13  Overlord  
  13  0:18  Drone  
  14  0:31  Drone x2  
  14  0:35  Drone  
  17  0:53  Hatchery  
  17  0:56  Drone  
  17  0:59  Drone  
  18  1:07  Drone  
  19  1:25  Hatchery  
  19  1:26  Extractor  
  19  1:28  Drone  
  18  1:40  Spawning Pool  
  18  1:44  Drone  
  18  1:46  Drone  
  19  1:51  Drone  
  21  2:01  Drone  
  21  2:06  Drone  
  22  2:14  Drone  
  23  2:16  Drone  
  24  2:28  Queen x2  
  24  2:29  Metabolic Boost  
  28  2:37  Zergling x2  
  28  2:38  Zergling x4  
  28  2:44  Overlord  
  31  2:50  Drone, Baneling Nest  
  31  2:52  Drone  
  31  2:56  Drone  
  33  3:02  Drone  
  34  3:06  Queen  
  36  3:13  Drone x2  
  36  3:14  Zergling x2  
  36  3:15  Zergling x2  
  36  3:18  Drone  
  41  3:22  Overlord  
  41  3:25  Zergling x2  
  42  3:34  Baneling x2  
  42  3:47  Overlord  
  42  3:51  Zergling x16  
  42  3:54  Baneling x3  
  42  3:55  Baneling x2  
  50  4:02  Baneling  
  50  4:07  Zergling x12  
  50  4:09  Zergling x2  
  57  4:11  Zergling x2  
  57  4:12  Baneling  
  57  4:15  Overlord  
  55  4:24  Zergling x6  
  57  4:33  Zergling x2  
  57  4:35  Zergling x2  
  57  4:37  Zergling x6  
  58  4:39  Baneling x2  
  58  4:43  Baneling, Zergling x2  
  58  4:44  Zergling x6  
  59  4:47  Drone x2  
  59  4:59  Drone  
  56  5:00  Drone x5  
  56  5:01  Zergling x4  
  59  5:10  Drone  
  59  5:13  Drone x3  
  54  5:15  Drone  
  54  5:19  Baneling x2  
  54  5:20  Zergling x2  
  55  5:22  Baneling x2  
  55  5:23  Extractor, Zergling x2  
  55  5:26  Zergling x2  
  58  5:28  Zergling x2  
  58  5:29  Extractor  
  58  5:32  Zergling x6  
  58  5:34  Zergling x2  
  55  5:36  Zergling x2  
  55  5:38  Zergling x2  
  55  5:40  Baneling x2  
  57  5:43  Drone  
  57  5:44  Drone  
  57  5:47  Drone  
  57  5:48  Drone  
  57  5:49  Drone  
  61  5:55  Drone  
  60  5:59  Drone  
  56  6:04  Drone  
  56  6:05  Drone, Extractor  
  56  6:09  Drone  
  58  6:16  Drone x2  
  60  6:23  Drone  
  60  6:26  Lair  
  60  6:28  Overlord x2  
  60  6:32  Overlord x2  
  60  6:33  Evolution Chamber  
  60  6:35  Baneling x2  
  60  6:37  Roach Warren, Baneling  
  58  6:40  Overlord  
  56  6:48  Drone x7  
  61  6:58  Zerg Missile Weapons Level 1  
  57  7:08  Drone  
  57  7:09  Drone  
  59  7:18  Drone x5  
  59  7:19  Drone  
  59  7:21  Roach x2  
  59  7:22  Roach x6  
  81  7:25  Roach  
  81  7:28  Roach  
  84  7:31  Roach  
  83  7:39  Drone x2  
  83  7:42  Drone  
  83  7:43  Drone x2  
  86  7:44  Queen  
  86  7:45  Drone  
  86  7:46  Drone  
  86  7:47  Extractor  
  86  7:48  Overlord  
  86  7:50  Overseer  
  89  7:53  Overlord  
  89  8:07  Drone  
  89  8:10  Overlord x2  
  89  8:11  Unknown  
  89  8:12  Drone  
  91  8:15  Hatchery  
  91  8:16  Roach x3  
  91  8:18  Roach  
  98  8:26  Overlord  
  93  8:30  Roach  
  93  8:31  Roach x4  

Tags
 
Add a new tag
Caveats
  • Supply blocks, unpowered buildings, or Contaminate may cause inaccurate times.
  • Supply counts are checked every 10 seconds.